 Dungeon Crawl Stone Soup version 0.20.1-1-g8b1a95d (webtiles) character file.

1743 Mitsuki the Skirmisher (level 9, -8/86 HPs)
             Began as a Hill Orc Fighter on Oct 8, 2017.
             Was an Initiate of Okawaru.
             Mangled by a two-headed ogre
             ... wielding a +0 giant club
              (14 damage)
             ... on level 6 of the Dungeon.
             The game lasted 00:11:59 (6813 turns).

Mitsuki the Skirmisher (Hill Orc Fighter)           Turns: 6813, Time: 00:12:00

Health: -8/86      AC: 10    Str: 24    XL:     9   Next: 6%
Magic:  0/9        EV:  6    Int:  8    God:    Okawaru [......]
Gold:   416        SH: 11    Dex: 12    Spells: 8/8 levels left

rFire    . . .     SeeInvis .   a - +1 trident
rCold    . . .     Gourm    .   c - +0 shield
rNeg     . . .     Faith    .   g - +0 chain mail
rPois    .         Spirit   +   (helmet restricted)
rElec    .         Reflect  .   (no cloak)
rCorr    .         Harm     .   (no gloves)
MR       .....                  (no boots)
Stlth    ..........             l - amulet of guardian spirit
Regen    0.3/turn               (no ring)
MPRegen  0.2/turn               (no ring)

@: no status effects
A: horns 1, agile 1, robust 1, strong 1
a: Renounce Religion


You were on level 6 of the Dungeon.
You worshipped Okawaru.
Okawaru was noncommittal.
You were not hungry.

You visited 2 branches of the dungeon, and saw 7 of its levels.
You also visited: Sewer.

You collected 416 gold pieces.

Inventory:

Hand Weapons
 a - a +1 trident (weapon)
Armour
 c - a +0 shield (worn)
 g - a +0 chain mail (worn)
 h - a +0 helmet
Jewellery
 l - an amulet of guardian spirit (around neck)
Wands
 o - a wand of random effects (35/48)
 s - a wand of acid (13/15)
Scrolls
 d - 2 scrolls of recharging
 e - 2 scrolls of blinking {unknown}
 j - 4 scrolls of identify
 m - 4 scrolls of remove curse
 t - 3 scrolls of teleportation
Potions
 i - 3 potions of brilliance
 n - 3 potions of heal wounds
 p - 4 potions of lignification {unknown}
 q - a potion of magic
 u - a potion of haste
 v - a potion of curing
 w - 3 potions of flight
Comestibles
 b - 3 meat rations
 f - 3 bread rations
 k - 15 chunks of flesh
 r - 4 fruits


   Skills:
 + Level 7.5 Fighting
 + Level 6.5 Polearms
 + Level 7.2 Armour
 + Level 6.9 Shields


You had 8 spell levels left.
You didn't know any spells.

Dungeon Overview and Level Annotations

Branches:
Dungeon (6/15)             Temple (1/1) D:5

Altars:
Cheibriados
Gozag
Makhleb
Okawaru
Qazlal
Uskayaw


Innate Abilities, Weirdness & Mutations

You have a pair of small horns on your head.
You are agile. (Dex +2)
You are robust. (+10% HP)
Your muscles are strong. (Str +2)


Message History

You hit the two-headed ogre. You headbutt the two-headed ogre.
The two-headed ogre is lightly wounded.
The two-headed ogre hits you with a giant club!!
The two-headed ogre hits you with a giant spiked club.
You hit the two-headed ogre.
Your headbutt misses the two-headed ogre.
The two-headed ogre is lightly wounded.
The two-headed ogre hits you with a giant club!
You block the two-headed ogre's attack.
You hit the two-headed ogre but do no damage.
You headbutt the two-headed ogre.
The two-headed ogre is moderately wounded.
You block the two-headed ogre's attack.
The two-headed ogre hits you with a giant spiked club!!
The two-headed ogre hits you but does no damage.
The two-headed ogre hits you with a giant spiked club!!
* * * LOW MAGIC WARNING * * *;
* * * LOW HITPOINT WARNING * * *
The two-headed ogre hits you with a giant club!
* * * LOW MAGIC WARNING * * *
You die...

.####....# .........#
.........# #######
##.......# #.....##
##.......# #......#
#.......#######......#
#.......##....#......#
#<............#.O....#
.#.............'@.....#
.#.............#......#
####...#####...#.......#
####...####..###########
...#....#.....#
...#....#.....#
...#....#.....#
...#....#.....#
...#....#.....#


You could see a two-headed ogre.

Vanquished Creatures
  Grinder (D:4)
  Eustachio (D:5)
  Duvessa (D:4)
  A phantom (D:6)
  An ogre (D:4)
  A centaur (D:6)
  Dowan (D:4)
  A howler monkey (D:5)
  3 hounds
  A centaur zombie (D:6)
  An orc priest (D:3)
  2 orc wizards
  A centaur skeleton (D:4)
  Jessica (D:3)
  A bullfrog skeleton (D:5)
  2 iguanas
  Natasha (thrice) (D:4)
  Ijyb (D:2)
  5 worker ants
  A worker ant zombie (D:6)
  Robin (D:3)
  5 gnolls
  12 adders
  2 river rats (D:4)
  6 oozes
  6 worms
  2 dart slugs (D:1)
  6 leopard geckos
  19 orcs
  8 bats
  4 giant cockroaches
  20 goblins
  7 hobgoblins
  20 jackals
  10 kobolds
  2 quokkas
  4 ball pythons
  A ball python zombie (D:3)
  9 frilled lizards
  A quokka skeleton (D:5)
  5 rats
180 creatures vanquished.

Notes
Turn   | Place    | Note
-------+----------+-------------------------------------------
     0 | D:1      | Mitsuki the Hill Orc Fighter began the quest for the Orb.
     0 | D:1      | Reached XP level 1. HP: 19/19 MP: 1/1
    69 | D:1      | Reached XP level 2. HP: 15/27 MP: 2/2
   378 | D:1      | Reached XP level 3. HP: 33/33 MP: 3/3
  1471 | D:2      | Reached XP level 4. HP: 37/40 MP: 4/4
  1949 | D:3      | Noticed Ijyb
  1960 | D:3      | Paralysed by Ijyb for 5 turns
  2032 | D:2      | Killed Ijyb
  2195 | D:2      | Reached XP level 5. HP: 40/47 MP: 3/5
  2618 | D:3      | Noticed Jessica
  2620 | D:3      | Killed Jessica
  2722 | D:3      | Noticed Robin
  2730 | D:3      | Killed Robin
  2730 | D:3      | Reached XP level 6. HP: 53/53 MP: 6/6
  2777 | D:3      | Reached skill level 5 in Fighting
  3239 | D:4      | Noticed Grinder
  3251 | D:4      | Noticed Natasha
  3262 | D:4      | Killed Natasha
  3262 | D:4      | Reached skill level 5 in Armour
  3267 | D:4      | HP: 2/56 [Grinder/nerve-wracking pain (12)]
  3268 | D:4      | Killed Grinder
  3268 | D:4      | Reached skill level 5 in Shields
  3268 | D:4      | Reached XP level 7. HP: 2/61 MP: 0/7
  3705 | D:4      | Found a glowing drain.
  3749 | Sewer    | Entered a sewer
  4032 | Sewer    | Gained mutation: Your muscles are strong. (Str +2) [potion of mutation]
  4032 | Sewer    | Gained mutation: You are agile. (Dex +2) [potion of mutation]
  4032 | Sewer    | Gained mutation: You are robust. (+10% HP) [potion of mutation]
  4032 | Sewer    | Gained mutation: You have a pair of small horns on your head. [potion of mutation]
  4557 | D:4      | Noticed Natasha
  4561 | D:4      | Killed Natasha
  4905 | D:4      | Reached skill level 5 in Polearms
  4905 | D:4      | Reached XP level 8. HP: 77/77 MP: 8/8
  5028 | D:4      | Found an opulent altar of Gozag.
  5159 | D:4      | Noticed Duvessa
  5167 | D:4      | Noticed Dowan
  5177 | D:4      | Killed Duvessa
  5190 | D:4      | Killed Dowan
  5397 | D:4      | Noticed Natasha
  5404 | D:4      | Killed Natasha
  5433 | D:5      | Entered Level 5 of the Dungeon
  5524 | D:5      | Noticed Eustachio
  5557 | D:5      | Killed Eustachio
  6112 | D:5      | Found a staircase to the Ecumenical Temple.
  6123 | Temple   | Entered the Ecumenical Temple
  6128 | Temple   | Became a worshipper of Warmaster Okawaru
  6693 | D:6      | Reached XP level 9. HP: 82/86 MP: 7/9
  6801 | D:6      | Noticed a two-headed ogre
  6813 | D:6      | Mangled by a two-headed ogre

Skill      XL: |  1  2  3  4  5  6  7  8 |
---------------+-------------------------+-----
Shields        | 4 5 6 |  6.9
Fighting       | 4 5 6 7 |  7.5
Armour         | 4 5 6 7 |  7.2
Polearms       | 3 4 5 6 |  6.5

Action                   |  1- 3 |  4- 6 |  7- 9 || total
-------------------------+-------+-------+-------++-------
Melee: Trident           |   115 |   238 |   461 ||   814
       Headbutt          |       |       |    53 ||    53
  Use: Scroll            |     2 |       |     6 ||     8
       Potion            |       |       |     9 ||     9
  Eat: Chunk             |     2 |     6 |    13 ||    21
Armor: Chain mail        |    37 |   110 |   250 ||   397
Dodge: Dodged            |     9 |    41 |    97 ||   147
Block: Shield            |    40 |    94 |   297 ||   431
